 Dungeon Crawl Stone Soup version 0.27-a0-54-g64bdb92e38 (webtiles) character file.

Game seed: 1489696699692453989

216 Borgoz the Slasher (level 5, 0/47 HPs)
             Began as a Minotaur Berserker on Jan 7, 2021.
             Was a Follower of Trog.
             Killed from afar by an orc wizard (7 damage)
             ... with a magic dart
             ... while paralysed
             ... on level 3 of the Dungeon.
             The game lasted 00:02:16 (1983 turns).

Borgoz the Slasher (Minotaur Berserker)             Turns: 1983, Time: 00:02:17

Health: 0/47       AC:  4    Str: 21    XL:     5   Next: 61%
Magic:  4/4        EV:  2    Int:  4    God:    Trog [*.....]
Gold:   77         SH:  0    Dex: 11    Spells: 4/4 levels left

rFire    . . .     SeeInvis .   a - +0 falchion
rCold    . . .     Faith    .   (no shield)
rNeg     + . .     Spirit   .   b - +0 animal skin
rPois    .         Reflect  .   (helmet restricted)
rElec    .         Harm     .   (no cloak)
rCorr    .         Rampage  .   g - +1 pair of gloves
Will     .....                  (no boots)
Stlth    +.........             (no amulet)
HPRegen  0.15/turn              l - ring of positive energy
MPRegen  0.09/turn              (no ring)

@: paralysed, berserk cooldown, slowed
A: retaliatory headbutt, horns 2
a: Renounce Religion, Berserk


You were on level 3 of the Dungeon.
You worshipped Trog.
Trog was aware of your devotion.
You visited 1 branch of the dungeon, and saw 3 of its levels.

You collected 77 gold pieces.

Inventory:

Hand Weapons
 a - a +0 falchion (weapon)
Armour
 b - a +0 animal skin (worn)
 g - a +1 pair of gloves (worn)
Jewellery
 l - a ring of positive energy (left hand)
Scrolls
 c - a scroll of fear
Potions
 d - 2 potions of resistance
 e - a potion of haste
 f - a potion of invisibility
 h - a potion of heal wounds {unknown}


   Skills:
 + Level 4.9 Fighting
 + Level 5.0 Long Blades
 + Level 4.1 Armour
 + Level 3.7 Dodging


You had 4 spell levels left.
You didn't know any spells.
Your spell library was empty.

Dungeon Overview and Level Annotations

Branches:
Dungeon (3/15)

Altars:


Innate Abilities, Weirdness & Mutations

You reflexively headbutt those who attack you in melee.
You have a pair of horns on your head.


Message History

You resist with some effort. The orc closely misses you.
You slash the orc!
You kill the orc!
Trog accepts your kill.
You closely miss the orc.
The orc is heavily wounded.
The orc closely misses you.
You hit the orc.
You kill the orc!
Trog accepts your kill.
The orc wizard casts a spell.
The orc wizard blinks!
You feel a strong urge to attack something.
You are no longer berserk.
You pass out from exhaustion.
You feel yourself slow down. The orc wizard barely misses you.
The orc wizard casts a spell at you. The magic dart hits you!
You die...

#.# #.##... #.# ##'#####
#.# ##...###. ####.#
##.....##. #....#
##...=...#.
######.)..####..........
.......)....†'..........
#####.o[.####..........
#..@.## ##.......#.
#.....# ##.....###
##...## ##...## ##.##
##'## #. #.# #. #.#####
#. ##.#.... #. ##....###
#........


You could see an orc wizard.

Vanquished Creatures
  A sky beast (D:2)
  An orc priest (D:3)
  3 gnolls (D:2)
  2 adders
  A dart slug (D:1)
  A leopard gecko (D:1)
  3 orcs (D:3)
  A giant cockroach (D:1)
  3 goblins
  5 hobgoblins
  7 jackals
  3 bats
  2 frilled lizards (D:1)
  4 kobolds (D:1)
  5 rats
42 creatures vanquished.

Notes
Turn   | Place    | Note
-------+----------+-------------------------------------------
     0 | D:1      | Borgoz the Minotaur Berserker began the quest for the Orb.
     0 | D:1      | Reached XP level 1. HP: 19/19 MP: 0/0
   217 | D:1      | Reached XP level 2. HP: 27/27 MP: 1/1
   521 | D:1      | Reached skill level 4 in Long Blades
   998 | D:2      | Noticed a sky beast
  1000 | D:2      | Reached XP level 3. HP: 31/33 MP: 2/2
  1011 | D:2      | Killed a sky beast
  1012 | D:2      | Reached XP level 4. HP: 18/41 MP: 3/3
  1311 | D:2      | Reached XP level 5. HP: 38/47 MP: 4/4
  1976 | D:3      | Reached skill level 5 in Long Blades
  1983 | D:3      | Killed from afar by an orc wizard

Illustrated notes

Levels and vault maps discovered:
D:1:      tarquinn_simple_flora_water_c, layout_basic, minmay_misc_feat_columns
D:2:      layout_rooms
D:3:      layout_loops_corners

Skill      XL: |  1  2  3  4  5 |
---------------+----------------+-----
Long Blades    | 4 5 |  5.0
Fighting       | 4 |  4.9
Armour         | 3 4 |  4.1
Dodging        | 3 |  3.7

Action                   |  1- 3 |  4- 6 || total
-------------------------+-------+-------++-------
Melee: Falchion          |    53 |    35 ||    88
       Headbutt          |     8 |     5 ||    13
Invok: Berserk           |     2 |     2 ||     4
  Use: Scroll            |     2 |     8 ||    10
Armor: Animal skin       |    23 |     5 ||    28
Dodge: Dodged            |    40 |    25 ||    65
       Rpst.: Falchion   |     7 |     3 ||    10

Table legend: (Time is in decaauts)
 A = Elapsed time spent in this place.
 B = Non-inter-level travel time spent in this place.
 C = Inter-level travel time spent in this place.
 D = Time resting spent in this place.
 E = Time spent auto-exploring this place.
 F = Levels seen in this place.
 G = Mean time per level.
                   A        B        C        D        E       F      G
               +--------+--------+--------+--------+--------+-----+--------+
         Total |   2020 |   1922 |     98 |    658 |   1037 |   3 |  673.3 |
       Dungeon |   2020 |   1922 |     98 |    658 |   1037 |   3 |  673.3 |
               +--------+--------+--------+--------+--------+-----+--------+

Top non-repeatable levels by time:
     D:1: 959 daAuts
     D:2: 733 daAuts
     D:3: 327 daAuts
